[Event "Early-Titled-Tuesday-Blitz-May-28-2024"]
[Site "Chess.com"]
[Date "2024.05.28"]
[Round "7"]
[White "mishanick"]
[Black "HamedWafa4"]
[Result "1-0"]
[WhiteElo "3046"]
[BlackElo "2777"]
[TimeControl "180+1"]
[EndTime "9:17:55 PDT"]
[Termination "mishanick won on time"]

1. d4 Nf6 2. c4 e6 3. Nc3 Bb4 4. e3 O-O 5. Bd3 b6 6. e4 Bb7 7. Bg5 h6 8. h4 d6 9. e5 dxe5 10. dxe5 hxg5 11. hxg5 g6 12. exf6 Qd4 13. Ne2 Qg4 14.
Qc2 Qxg5 15. f4 Qxf6 16. O-O-O Na6 17. Ne4 Bxe4 18. Bxe4 Rad8 19. g4 Nc5 20. g5 Rxd1+ 21. Rxd1 Qe7 22. Bc6 Ba5 23. a3 Na6 24. Bb7 Nc5 25. Bf3 Nd7 26. b4 Bxb4 27. axb4 Qxb4 28. Rxd7 Qa3+ 29. Kb1 Qxf3 30. Qd3 Qf1+ 31. Kc2 Qg2 32.
Rxc7 a5 33. Rd7 a4 34. Kd2 a3 35. Qxa3 Ra8 36. Qb2 Qc6 37. Qd4 Ra2+ 38. Kc3 1-0

[Event "Early-Titled-Tuesday-Blitz-May-28-2024"]
[Site "Chess.com"]
[Date "2024.05.28"]
[Round "7"]
[White "artin10862"]
[Black "SoCalJuniorChess"]
[Result "1-0"]
[WhiteElo "3043"]
[BlackElo "2242"]
[TimeControl "180+1"]
[EndTime "9:17:55 PDT"]
[Termination "artin10862 won by checkmate"]

1. e4 d5 2. exd5 Qxd5 3. Nc3 Qd8 4. d4 Nf6 5. Bc4 a6 6. Nge2 b5 7. Bb3 e6 8. O-O c5 9. dxc5 Qxd1 10. Rxd1 Bxc5 11.
Ng3 Bb7 12. Bg5 Nbd7 13. Nce2 h6 14. Be3 Bxe3 15. fxe3 Nd5 16. e4 N5b6 17. Rd4 O-O-O 18.
Rad1 Ne5 19. Nf4 Nec4 20. Rxd8+ Rxd8 21. Rxd8+ Kxd8 22. Bxc4 Nxc4 23. b3 Ne3 24. c3 Nd1 25. Nfe2 h5 26. Nxh5 Bxe4 27. Nxg7 Bg6 28. h4 Ke7 29. h5 Bb1 30. h6 Kf6 31. Nf4 e5 32. Nd5+ Kg6 33. c4 bxc4 34. bxc4 Bxa2 35. Ne7+ Kxh6 36.
Ngf5+ Kg5 37. c5 Be6 38. Nd6 a5 39. c6 a4 40. c7 a3 41. Ne4+ Kf4 42. Nc5 a2 43.
Nxe6+ fxe6 44. c8=Q a1=Q 45. Qf8+ Ke4 46. Qf3+ Kd4 47. Kh1 Nf2+ 48. Kh2 Qh1+ 49. Kg3 Ne4+ 50. Kg4 Qh7 51. Nc6+ Kc5 52. Nxe5 Qg7+ 53. Kf4 Nd6 54. Qc6+ Kd4 55. Qxd6+ Kc3 56. Qa3+ Kd2 57. Qb2+ Ke1 58. Nd3+ Kf1 59. Qf2# 1-0

[Event "Early-Titled-Tuesday-Blitz-May-28-2024"]
[Site "Chess.com"]
[Date "2024.05.28"]
[Round "7"]
[White "MikeWizard"]
[Black "ChempionBg"]
[Result "1-0"]
[WhiteElo "2023"]
[BlackElo "2233"]
[TimeControl "180+1"]
[EndTime "9:17:57 PDT"]
[Termination "MikeWizard won on time"]

1. d4 Nf6 2. c4 g6 3. Nc3 Bg7 4. e4 d6 5. h3 O-O 6. Be3 e5 7. d5 a5 8. g4 Na6 9. Nge2 Nc5 10. Ng3 Bd7 11. Bd3 c6 12. O-O cxd5 13. cxd5 Qb8 14.
a4 Nxd3 15. Qxd3 h5 16. f3 hxg4 17. hxg4 Kh7 18. Kg2 Rh8 19. Rh1+ Kg8 20. Rxh8+ Bxh8 21. Rh1 Bg7 22. Nge2 Qe8 23. Nb5 Bxb5 24. Qxb5 Qxb5 25. axb5 Rc8 26. Rc1 Rxc1 27. Bxc1 Nd7 28. Be3 Kf8 29. Nc3 Ke7 30. Na4 f5 31. gxf5 gxf5 32. Bd2 fxe4 33. fxe4 b6 34. Be3 Nc5 35. Nxb6 Nxe4 36. Nc4 Nf6 37. Bg5 a4 38. b6 Kd7 39. Bxf6 Bxf6 40.
b7 Kc7 41. Nxd6 e4 42. Ne8+ Kxb7 43. Nxf6 Kb6 44. Kf2 Kc5 45. Ke3 Kc4 46. d6 Kb3 47. Nxe4 Kxb2 48. d7 a3 49. d8=Q a2 50. Qb6+ Ka1 51.
Qd4+ Kb1 52. Nd2+ Kc2 53. Qa4+ Kb2 54. Nc4+ Kc1 55. Qxa2 1-0

[Event "Early-Titled-Tuesday-Blitz-May-28-2024"]
[Site "Chess.com"]
[Date "2024.05.28"]
[Round "7"]
[White "elcala"]
[Black "luca_va99"]
[Result "0-1"]
[WhiteElo "1995"]
[BlackElo "2213"]
[TimeControl "180+1"]
[EndTime "9:17:57 PDT"]
[Termination "luca_va99 won on time"]

1. d4 c5 2. e3 g6 3. c3 Bg7 4.
Bd3 cxd4 5. exd4 d5 6. Nf3 Nc6 7. O-O Bg4 8. h3 Bxf3 9. Qxf3 Nf6 10. Bf4 O-O 11. Nd2 Qb6 12. b3 Nd7 13. Qe3 e6 14.
Bh6 e5 15. Bxg7 Kxg7 16. dxe5 Qxe3 17. fxe3 Ncxe5 18. Bb5 Rac8 19. Rac1 a6 20. Bxd7 Nxd7 21. Nf3 Rfe8 22. Kf2 Nf6 23. Nd2 Rc7 24. Rc2 Rec8 25. Rfc1 b5 26. a3 Nd7 27. b4 Ne5 28. Ke2 f5 29. g3 Kf6 30. a4 h6 31. axb5 axb5 32. Nb1 Nc4 33. Rd1 Ke5 34. Nd2 Na3 35.
Nf3+ Ke6 36. Nd4+ Ke5 37. Nf3+ Kd6 38. Rcd2 Rxc3 39. Rxd5+ Ke7 40. Rd7+ Ke8 0-1

[Event "Early-Titled-Tuesday-Blitz-May-28-2024"]
[Site "Chess.com"]
[Date "2024.05.28"]
[Round "7"]
[White "sammartin99"]
[Black "ailime26"]
[Result "1-0"]
[WhiteElo "2289"]
[BlackElo "2103"]
[TimeControl "180+1"]
[EndTime "9:17:58 PDT"]
[Termination "sammartin99 won on time"]

1. d4 Nf6 2. Bg5 Ne4 3. h4 Nxg5 4. hxg5 g6 5. Nf3 Bg7 6. e3 c5 7. c3 cxd4 8. exd4 d5 9. Bd3 Nc6 10. Nbd2 Bg4 11. Rh4 Bd7 12. Qb3 Qb6 13. Qxb6 axb6 14. a3 e5 15. dxe5 Nxe5 16. Nxe5 Bxe5 17. O-O-O Kf8 18. Nf3 Bc7 19. Bc2 Bc6 20. Bb3 Kg7 21.
Bxd5 Rhd8 22. Bxc6 bxc6 23. Rhd4 Re8 24. g3 Ra5 25. Rd7 Bb8 26. Rb7 Rf5 27. Rd3 c5 28. c4 Be5 29. Nxe5 1-0

[Event "Early-Titled-Tuesday-Blitz-May-28-2024"]
[Site "Chess.com"]
[Date "2024.05.28"]
[Round "7"]
[White "maximnovik"]
[Black "Budag-Leyla"]
[Result "0-1"]
[WhiteElo "2532"]
[BlackElo "2214"]
[TimeControl "180+1"]
[EndTime "9:18:03 PDT"]
[Termination "Budag-Leyla won on time"]

1. e4 e6 2. d4 d5 3. e5 c5 4. c3 Nc6 5. Nf3 Qb6 6. Bd3 cxd4 7. O-O f6 8. cxd4 Bd7 9. Re1 f5 10. Nc3 Nxd4 11. Nxd4 Qxd4 12. Nb5 Qb6 13. Be3 Qa5 14.
Qb3 Bxb5 15. Bxb5+ Kf7 16. Rac1 Ne7 17. Red1 g6 18. Bd7 Rb8 19. Bg5 Bg7 20. Bxe6+ Kxe6 21. Bxe7 Kxe7 22. Rxd5 Rhc8 23. Rcd1 Qc7 24. Qb4+ Ke8 25. Qa4+ Qc6 26. Qb3 Bf8 27. Rd6 Bxd6 28. exd6 Kf8 29. d7 Rd8 30. Qd3 Qe6 31. h4 b6 32. Qd4 Kg8 33. Rd3 Rb7 34. Re3 Rbxd7 35. Qc3 Qd6 36. Qb3+ Qd5 37. Qc3 Qd1+ 38. Kh2 Qd4 39. Qb3+ Kg7 40. g3 f4 41. gxf4 Qxf4+ 42. Kg2 Rf7 43. Qc3+ Qf6 44. Qc2 Rdf8 45. f3 Qxh4 46. Re4 Qg5+ 47.
Kh1 Rxf3 0-1

[Event "Early-Titled-Tuesday-Blitz-May-28-2024"]
[Site "Chess.com"]
[Date "2024.05.28"]
[Round "7"]
[White "Tagir45"]
[Black "NikFil2013"]
[Result "1-0"]
[WhiteElo "2640"]
[BlackElo "2467"]
[TimeControl "180+1"]
[EndTime "9:18:03 PDT"]
[Termination "Tagir45 won by checkmate"]

1. e4 c5 2. Nf3 d6 3. d4 cxd4 4.
Nxd4 Nf6 5. Nc3 a6 6. Be2 e5 7. Nb3 Be7 8. O-O O-O 9. Bf3 Nc6 10. Re1 b5 11. Be3 Be6 12. a4 b4 13. Nd5 Bxd5 14.
exd5 Na5 15. Be2 Nxb3 16. cxb3 Qa5 17. Bc4 Nd7 18. Qd3 Nb6 19. Rac1 Rfc8 20. g3 g6 21.
h4 Nd7 22. h5 Nc5 23. Qe2 f5 24. Kg2 Kf7 25. Rh1 Rh8 26. Qf3 Ne4 27. g4 Ng5 28.
Bxg5 Bxg5 29. gxf5 Bxc1 30. fxg6+ Kg7 31. h6+ Kxg6 32. Bd3+ Kg5 33. Qf5# 1-0

[Event "Early-Titled-Tuesday-Blitz-May-28-2024"]
[Site "Chess.com"]
[Date "2024.05.28"]
[Round "7"]
[White "Peng_Li-Min"]
[Black "Semetey"]
[Result "1-0"]
[WhiteElo "2765"]
[BlackElo "2535"]
[TimeControl "180+1"]
[EndTime "9:18:04 PDT"]
[Termination "Peng_Li-Min won by resignation"]

1. e4 Nc6 2. d4 d6 3. f4 Nf6 4. Nc3 g6 5. e5 dxe5 6. fxe5 Nd5 7. Ne4 Bg7 8. c3 O-O 9. Bc4 Nb6 10. Bb3 Na5 11.
Nf3 Nxb3 12. axb3 f6 13. exf6 exf6 14. O-O c6 15. Nc5 Nd5 16. Re1 Qd6 17. c4 Nc7 18.
Ne4 Qd8 19. Bf4 Ne6 20. Bd6 Rf7 21. c5 Nc7 22. Bxc7 Qxc7 23. Nd6 Re7 24. Rxe7 Qxe7 25. Qd3 Be6 26. Re1 Qd7 27. Nxb7 Rb8 28. Na5 Bf8 29.
Nc4 Bf7 30. Qc3 Bd5 31. Nfd2 Qg4 32. Ne3 Qe6 33. Ndc4 Be4 34. Nf1 Qg4 35. Ng3 Bd5 36. Ne3 Qe6 37. Nxd5 Qxd5 38. Ne4 Rxb3 39. Nxf6+ Kf7 40.
Nxd5 Rxc3 41. Nxc3 1-0

[Event "Early-Titled-Tuesday-Blitz-May-28-2024"]
[Site "Chess.com"]
[Date "2024.05.28"]
[Round "7"]
[White "HanSchut"]
[Black "kuchma777"]
[Result "0-1"]
[WhiteElo "2336"]
[BlackElo "2495"]
[TimeControl "180+1"]
[EndTime "9:18:04 PDT"]
[Termination "kuchma777 won by checkmate"]

1. e4 c6 2. d4 d5 3. e5 c5 4. dxc5 e6 5. a3 Bxc5 6. b4 Bb6 7. Qg4 Ne7 8. Nf3 Nbc6 9. Bd3 Ng6 10. Bb2 Bc7 11. Qg3 d4 12. Bxg6 hxg6 13. O-O Qd5 14. Re1 Rh5 15. Nbd2 Nxe5 16. Nxd4 b6 17. c4 Nxc4 18.
Qxc7 Nxd2 19. Nc6 Bd7 20. Nb8 Nf3+ 21. gxf3 Rg5+ 22. Kf1 Bb5+ 23. Re2 Qxf3 24. Qc8+ Ke7 25. Qc7+ Ke8 26. Qc8+ Ke7 27. Qc7+ Kf8 28. Qd8+ Be8 29.
Nd7+ Kg8 30. Qe7 Qh1# 0-1

[Event "Early-Titled-Tuesday-Blitz-May-28-2024"]
[Site "Chess.com"]
[Date "2024.05.28"]
[Round "7"]
[White "Redbandit87"]
[Black "Navyblue1"]
[Result "1/2-1/2"]
[WhiteElo "2400"]
[BlackElo "2257"]
[TimeControl "180+1"]
[EndTime "9:18:04 PDT"]
[Termination "Game drawn by stalemate"]

1. d4 Nf6 2. Bg5 Ne4 3. Bf4 c5 4. c3 cxd4 5. cxd4 Qa5+ 6. Nd2 Nxd2 7. Qxd2 Qxd2+ 8. Kxd2 d5 9. Rc1 Nc6 10. e3 Bd7 11. a3 e6 12. Nf3 a6 13. Bd3 Be7 14. Ne5 Nxe5 15. Bxe5 f6 16. Bg3 Bc6 17. Rc2 O-O 18.
Rhc1 Rad8 19. Bc7 Rd7 20. Bb6 e5 21. Bxa6 Ba4 22. Rc7 bxa6 23. Rxd7 Bxd7 24. Rc7 Bd8 25. Rxd7 Bxb6 26. Rxd5 exd4 27. exd4 Rd8 28. Rxd8+ Bxd8 29. Kd3 Kf7 30. Kc4 Ke6 31. Kc5 Kd7 32. b4 Bc7 33. h3 h5 34. a4 g5 35. d5 f5 36.
f3 h4 37. b5 axb5 38. axb5 Bd6+ 39. Kb6 Bb4 40. Ka6 Kc7 41. Ka7 Bc5+ 42. Ka6 Kb8 43. b6 Bd6 44. Kb5 Kb7 45. Ka5 Be5 46. Kb5 Bd4 47. d6 Bxb6 48. d7 Bd8 49. Kc5 Kc7 50. Kd5 Kxd7 51. Ke5 f4 52. Ke4 Ke6 53. Kd3 Kd5 54.
Ke2 Kd4 55. Kf1 Ke3 56. Kg1 Ke2 57. Kh2 Kf2 58. Kh1 Kg3 59. Kg1 Bf6 60. Kh1 Be5 61.
Kg1 Bf6 62. Kh1 g4 63. fxg4 f3 64. gxf3 Kxf3 65. Kh2 Be5+ 66. Kh1 Bf6 67. Kh2 Bg5 68. Kh1 Kg3 69. Kg1 Kxh3 70. Kh1 Kxg4 71. Kh2 Be3 72.
Kh1 Bf4 73. Kg1 Kh3 74. Kh1 Bg3 75. Kg1 Kg4 76. Kh1 h3 77. Kg1 Kf3 78. Kh1 Kg4 79. Kg1 Kh4 80. Kh1 Bf4 81. Kg1 h2+ 82. Kh1 Kh3 1/2-1/2

[Event "Early-Titled-Tuesday-Blitz-May-28-2024"]
[Site "Chess.com"]
[Date "2024.05.28"]
[Round "7"]
[White "Giantgoogachess"]
[Black "MKlose11"]
[Result "1-0"]
[WhiteElo "2386"]
[BlackElo "2602"]
[TimeControl "180+1"]
[EndTime "9:18:05 PDT"]
[Termination "Giantgoogachess won by checkmate"]

1. d4 Nf6 2. c4 c5 3. d5 b5 4. cxb5 a6 5. e3 g6 6. Nc3 Bg7 7.
a4 O-O 8. Nf3 d6 9. e4 Nbd7 10.
Bd2 Ne8 11. Be2 axb5 12. Bxb5 Nc7 13. O-O Ba6 14. Qe2 Qc8 15. Ra3 Rb8 16. Bg5 Re8 17. Nd2 Bxb5 18. axb5 Qb7 19. Rb3 Ra8 20. Nc4 Ne5 21. Nxe5 Bxe5 22. b6 Na6 23. Qb5 Nb4 24.
Bd2 Reb8 25. Ra3 Rxa3 26. bxa3 Nc2 27. Qd3 Nxa3 28. Na4 Ra8 29. Qxa3 Qd7 30. Nxc5 Qe8 31. Qe3 dxc5 32. Qxc5 Bd6 33. Qc6 Qb8 34. b7 Ra2 35.
Bc3 f6 36. Ra1 Rxa1+ 37. Bxa1 Qa7 38. Bc3 Qa2 39. Qb5 Bb8 40. g3 Qc2 41. Qc4 Qc1+ 42. Kg2 Be5 43. Qc8+ Kg7 44. Bxe5 Qe1 45. Bxf6+ exf6 46.
Qd7+ Kh6 47. Qh3+ Kg7 48. Qd7+ Kh6 49. b8=Q Qxe4+ 50. Kh3 f5 51. Qf8+ Kg5 52. Qde7+ Kh5 53. Qxe4 g5 54. Qf7+ Kh6 55. Qee6# 1-0

[Event "Early-Titled-Tuesday-Blitz-May-28-2024"]
[Site "Chess.com"]
[Date "2024.05.28"]
[Round "7"]
[White "MarkusRagger"]
[Black "Polish_fighter3000"]
[Result "0-1"]
[WhiteElo "2802"]
[BlackElo "3101"]
[TimeControl "180+1"]
[EndTime "9:18:06 PDT"]
[Termination "Polish_fighter3000 won by resignation"]

1. d4 Nf6 2. Nf3 d5 3. c4 dxc4 4. e3 e6 5. Bxc4 c5 6. O-O a6 7. dxc5 Bxc5 8. Qxd8+ Kxd8 9. Be2 Ke7 10. Bd2 Nc6 11. Nc3 Rd8 12. Rfd1 Ba7 13. Rac1 Bd7 14. Be1 Be8 15. Kf1 Rxd1 16. Rxd1 h6 17. a3 Rc8 18.
Bd3 Bb8 19. Ke2 Ne5 20. Nxe5 Bxe5 21. f4 Bd6 22. Bh4 Bxa3 23. bxa3 Rxc3 24. Be1 Nd5 25. e4 Nxf4+ 26. Ke3 Nxg2+ 27. Kd4 Rxd3+ 28. Kxd3 Bb5+ 29.
Kc3 Bc6 30. Kd4 f6 31. Bb4+ Kf7 32. e5 f5 33. Bd6 g5 34. Rd2 f4 35. Bc5 Nh4 36. Kc3 Nf3 37. Rd8 Nxe5 38. Rh8 Kg7 39. Rb8 Nd7 40. Bd6 Nxb8 41. Bxb8 Kf6 42. Kd4 Kf5 43.
Be5 h5 44. a4 Bxa4 0-1

[Event "Early-Titled-Tuesday-Blitz-May-28-2024"]
[Site "Chess.com"]
[Date "2024.05.28"]
[Round "7"]
[White "francyIM"]
[Black "NiranjanNavalgund"]
[Result "0-1"]
[WhiteElo "2806"]
[BlackElo "2497"]
[TimeControl "180+1"]
[EndTime "9:18:06 PDT"]
[Termination "NiranjanNavalgund won by resignation"]

1. e4 e5 2. Nf3 Nc6 3. Bb5 a6 4.
Ba4 Nf6 5. O-O Be7 6. Re1 b5 7.
Bb3 d6 8. c3 O-O 9. h3 Nb8 10.
d4 Nbd7 11. a4 Bb7 12. Nbd2 c5 13. Bc2 Re8 14. Nf1 Bf8 15. Ng3 cxd4 16. cxd4 exd4 17. Nxd4 d5 18. exd5 Rxe1+ 19. Qxe1 Bxd5 20. axb5 axb5 21. Be3 b4 22. Rd1 Qc7 23. Bf5 Nb6 24. Bd3 Qb7 25. Bf1 Nc4 26. Bc1 Re8 27. Nde2 Bc5 28. Bg5 Ne4 29.
Nxe4 Bxe4 30. Bc1 Bc2 31. Rd2 b3 32. Rxc2 bxc2 33. Qc3 Qb4 34. Qxc2 Qe1 35. Nf4 Bxf2+ 36.
Qxf2 Qxc1 37. b4 Nd2 38. Nd3 Qd1 39. Nb2 Qc1 40. Nd3 Qc3 41. Qc5 Qa1 42. Qf2 Nxf1 43.
Qxf1 Qd4+ 44. Kh1 Rd8 45. Ne1 Qxb4 46. Nf3 Qb3 47. Qe2 h6 48. Qe7 Qd1+ 49. Kh2 Qd6+ 50. Qxd6 Rxd6 0-1

[Event "Early-Titled-Tuesday-Blitz-May-28-2024"]
[Site "Chess.com"]
[Date "2024.05.28"]
[Round "7"]
[White "zajka-molotok"]
[Black "Makswolf200817"]
[Result "1-0"]
[WhiteElo "2545"]
[BlackElo "2728"]
[TimeControl "180+1"]
[EndTime "9:18:06 PDT"]
[Termination "zajka-molotok won on time"]

1. e4 c5 2. c3 Nf6 3. e5 Nd5 4. Nf3 Nc6 5. Bc4 Nb6 6. Bb3 c4 7. Bc2 d6 8. exd6 Qxd6 9. b3 Bg4 10. h3 Bh5 11. Qe2 cxb3 12. axb3 Nd5 13. d4 Nf4 14. Bxf4 Qxf4 15. Nbd2 Rd8 16. O-O e6 17. b4 Bd6 18. b5 Ne7 19. Rxa7 b6 20. g3 Qf6 21. Kg2 Bb8 22. Ra6 Nd5 23. Ne4 Qxf3+ 24. Qxf3 Bxf3+ 25. Kxf3 O-O 26. Bb3 Rc8 27. c4 Ne7 28. Rxb6 Nf5 29.
Rd1 Ba7 30. Rd6 Nxd6 31. Nxd6 Rcd8 32. c5 Rd7 33. Ra1 e5 34. b6 Bxb6 35. Nxf7 Bc7 36.
Ke4 Rfxf7 37. Ra8+ Bd8 38. c6 Rxd4+ 39. Kxe5 Rd3 40. c7 1-0

[Event "Early-Titled-Tuesday-Blitz-May-28-2024"]
[Site "Chess.com"]
[Date "2024.05.28"]
[Round "7"]
[White "WolfBaoBaoLang"]
[Black "NikitaShnadrygin"]
[Result "1-0"]
[WhiteElo "2109"]
[BlackElo "2758"]
[TimeControl "180+1"]
[EndTime "9:18:06 PDT"]
[Termination "WolfBaoBaoLang won by resignation"]

1. e4 c5 2. Nf3 e6 3. b3 Nc6 4.
Bb2 d5 5. exd5 exd5 6. Bb5 Ne7 7.
O-O a6 8. Bxc6+ Nxc6 9. d4 Be7 10. dxc5 O-O 11. Nc3 Be6 12. Na4 Bg4 13. Qd3 Bf6 14. h3 Bh5 15. Nd4 Bg6 16. Qd2 Rc8 17. Nxc6 bxc6 18.
Bxf6 Qxf6 19. Rac1 Rce8 20. Rfe1 Be4 21. Nc3 Bg6 22.
Ne2 Re5 23. Nd4 Re4 24. Rxe4 Bxe4 25. f3 Bg6 26. c3 a5 27. Re1 h6 28. a3 Rb8 29. b4 axb4 30. cxb4 Ra8 31. Qc3 Kh7 32. Kh1 Qh4 33. Ra1 Ra6 34. a4 Qf4 35. b5 cxb5 36. axb5 Rf6 37. b6 Qg3 38. b7 Bh5 39. c6 Bg4 40. hxg4 h5 41. Nf5 1-0

[Event "Early-Titled-Tuesday-Blitz-May-28-2024"]
[Site "Chess.com"]
[Date "2024.05.28"]
[Round "7"]
[White "Meri-Arabidze"]
[Black "Likvidator228"]
[Result "1-0"]
[WhiteElo "2689"]
[BlackElo "2530"]
[TimeControl "180+1"]
[EndTime "9:18:08 PDT"]
[Termination "Meri-Arabidze won by resignation"]

1. Nf3 d5 2. c4 e6 3. g3 d4 4.
Bg2 c5 5. O-O Nc6 6. e3 Nf6 7.
exd4 cxd4 8. Re1 Be7 9. d3 O-O 10. a3 a5 11. Bg5 h6 12. Bxf6 Bxf6 13. Nbd2 a4 14. b4 axb3 15. Qxb3 Ra7 16. c5 Be7 17. Rec1 Qa5 18. Nc4 Qxc5 19. Nce5 Qd6 20. Nxc6 bxc6 21. a4 c5 22. Nd2 Bd7 23. Nc4 Qc7 24. a5 Rb8 25.
Qd1 Bb5 26. Nb6 Bc6 27. Bxc6 Qxc6 28. Nc4 Bd8 29. Rc2 Ra6 30. Qh5 Bc7 31. Rca2 Qd5 32.
Qd1 Rb4 33. Qe2 g6 34. Qd2 Kg7 35. Rb2 Qb7 36. Rxb4 cxb4 37. Qb2 e5 38. Ra4 b3 39. Ra3 Qd5 40. Qxb3 Bxa5 41. Qa2 e4 42. Rxa5 Rxa5 43. Qxa5 Qe6 44. Qe5+ Qxe5 45. Nxe5 f6 46. Nc4 exd3 47. Kf1 Kf7 48. Ke1 Ke6 49. Kd2 Kd5 50. Kxd3 f5 51. Nd2 g5 52. Nf3 f4 53. g4 1-0

[Event "Early-Titled-Tuesday-Blitz-May-28-2024"]
[Site "Chess.com"]
[Date "2024.05.28"]
[Round "7"]
[White "guillembaches"]
[Black "aghasiyevkamal"]
[Result "1-0"]
[WhiteElo "2512"]
[BlackElo "2614"]
[TimeControl "180+1"]
[EndTime "9:18:08 PDT"]
[Termination "guillembaches won by resignation"]

1. d4 Nf6 2. Nf3 g6 3. Bg5 Bg7 4. Nbd2 d5 5. e3 O-O 6. Be2 c5 7. c3 Qb6 8. Qb3 Nc6 9. O-O Bf5 10. dxc5 Qxc5 11. Nd4 Nxd4 12. cxd4 Qa5 13. Nf3 b6 14. Rfc1 Rac8 15. Qb5 Rxc1+ 16. Rxc1 Qxa2 17. Rc7 Qa1+ 18. Bf1 e6 19. h3 h6 20. Bf4 Ne4 21. g4 Qd1 22. Qe2 Qxe2 23. Bxe2 g5 24. Bh2 Bg6 25. Rxa7 Rc8 26. Bc7 f6 27. Ba6 Rf8 28. Bxb6 f5 29. Bc5 Nxc5 30. dxc5 fxg4 31. Nd4 gxh3 32. Rxg7+ Kxg7 33.
Nxe6+ Kf7 34. Nxf8 Kxf8 35. c6 1-0

[Event "Early-Titled-Tuesday-Blitz-May-28-2024"]
[Site "Chess.com"]
[Date "2024.05.28"]
[Round "7"]
[White "viktorskliarov"]
[Black "Actuary44"]
[Result "1-0"]
[WhiteElo "2643"]
[BlackElo "2473"]
[TimeControl "180+1"]
[EndTime "9:18:13 PDT"]
[Termination "viktorskliarov won by checkmate"]

1. e4 b6 2. d4 Bb7 3. Bd3 e6 4. Qe2 Nf6 5. Nf3 d5 6. e5 Nfd7 7. c3 c5 8. O-O Nc6 9. a3 Qc7 10. Bf4 h6 11. h4 O-O-O 12. Bg3 g5 13. h5 g4 14. Nfd2 cxd4 15. cxd4 Nxd4 16. Qxg4 Nc6 17. Rc1 Kb8 18. Nc3 a6 19. Nf3 Nc5 20. Bc2 d4 21. Ne4 d3 22. Bd1 Nxe4 23. Qxe4 d2 24. Rc2 Qd7 25. Rxd2 Qxd2 26. Nxd2 Rxd2 27. Bf3 Rxb2 28.
Rc1 Bc5 29. Qf4 Rg8 30. Kh2 Rg7 31. Qf6 Rg5 32. Qxf7 Nxe5 33. Qxb7# 1-0

[Event "Early-Titled-Tuesday-Blitz-May-28-2024"]
[Site "Chess.com"]
[Date "2024.05.28"]
[Round "7"]
[White "jlf287"]
[Black "GrotBchess"]
[Result "1-0"]
[WhiteElo "2506"]
[BlackElo "2575"]
[TimeControl "180+1"]
[EndTime "9:18:13 PDT"]
[Termination "jlf287 won by resignation"]

1. d4 Nf6 2. c4 g6 3. Nc3 d5 4. Nf3 Bg7 5. Qb3 dxc4 6. Qxc4 Be6 7. Qd3 O-O 8. e4 c5 9. d5 Bc8 10. Be2 Nbd7 11. O-O Ng4 12. Qc2 e6 13. Rd1 exd5 14. exd5 Nge5 15. Bf4 Nxf3+ 16. Bxf3 Ne5 17. Be2 Bf5 18.
Qb3 b6 19. d6 Be6 20. Qa4 Qh4 21. g3 Qd8 22. Qe4 Nd7 23. Rd2 a6 24. Nd5 Bf5 25. Ne7+ Kh8 26. Nxf5 gxf5 27. Qxf5 Re8 28. Bd3 Nf8 29.
Be4 Ra7 30. Bc6 Re6 31. Rad1 Rf6 32. Qh3 Re6 33. Bf3 b5 34. Bg4 Rf6 35. Bg5 h6 36. Bxf6 Qxf6 37. d7 Qd8 38. Bf5 Kg8 39. Re2 Ra8 40.
Re8 Qf6 41. Rxa8 Qxb2 42. d8=Q 1-0

[Event "Early-Titled-Tuesday-Blitz-May-28-2024"]
[Site "Chess.com"]
[Date "2024.05.28"]
[Round "7"]
[White "ccccvhhhj"]
[Black "RobertoJBM"]
[Result "0-1"]
[WhiteElo "2463"]
[BlackElo "2775"]
[TimeControl "180+1"]
[EndTime "9:18:13 PDT"]
[Termination "RobertoJBM won by checkmate"]

1. e4 c6 2. d4 d5 3. e5 Bf5 4. Nc3 e6 5. g4 Bg6 6. Nge2 f6 7. Nf4 fxe5 8. Nxg6 hxg6 9. dxe5 Nd7 10. Bf4 Bb4 11.
Qd3 Ne7 12. O-O-O Qa5 13. Kb1 O-O-O 14. Bg3 g5 15. a3 Bxc3 16. Qxc3 Qxc3 17. bxc3 Ng6 18.
Re1 Rdf8 19. Bd3 Nf4 20. Kb2 Nc5 21. Re3 b5 22. Kc1 Kd7 23. Kd2 a5 24. Rb1 Kc7 25.
Rg1 Rf7 26. Rh1 Nh3 27. Ke2 Rhf8 28. Rf1 Na4 29. Bg6 Nf4+ 30. Bxf4 Rxf4 31. Rg3 Rh8 32. Rh1 Nc5 33. Ke3 Nd7 34. h4 Nxe5 35. Bh5 Re4+ 36.
Kd2 gxh4 37. Rgh3 g6 38. f3 Rf4 39. Ke3 Rff8 40. f4 Nc4+ 41. Kd4 gxh5 42. Rxh4 Rxf4+ 43. Kc5 Ne5 44. gxh5 Nd7# 0-1

[Event "Early-Titled-Tuesday-Blitz-May-28-2024"]
[Site "Chess.com"]
[Date "2024.05.28"]
[Round "7"]
[White "Statham_01"]
[Black "ljuks68"]
[Result "0-1"]
[WhiteElo "2707"]
[BlackElo "2437"]
[TimeControl "180+1"]
[EndTime "9:18:14 PDT"]
[Termination "ljuks68 won by checkmate"]

1. e4 e6 2. d4 d5 3. Bd3 dxe4 4. Bxe4 Nf6 5. Bf3 Nbd7 6. Ne2 Bd6 7. c4 e5 8. Nbc3 O-O 9. O-O Re8 10. Bg5 h6 11. Bxf6 Nxf6 12. c5 e4 13. Nxe4 Nxe4 14.
cxd6 Qxd6 15. Bxe4 Rxe4 16. Qd3 Re8 17. Ng3 Be6 18. b3 Bd5 19. Rae1 c6 20. f4 Rad8 21.
Re5 f6 22. Nf5 Qf8 23. Nxh6+ gxh6 24. Qg6+ Kh8 25. Rh5 Qg7 26. Qc2 Re3 27. Qf2 Rde8 28. Rxd5 cxd5 29. f5 Re2 30. Qf3 R8e4 31. g3 Qg5 32.
Qc3 Qe3+ 33. Qxe3 R4xe3 34. Rf4 Rxa2 35. Rg4 Re1# 0-1

[Event "Early-Titled-Tuesday-Blitz-May-28-2024"]
[Site "Chess.com"]
[Date "2024.05.28"]
[Round "7"]
[White "Pintacara"]
[Black "balack95"]
[Result "0-1"]
[WhiteElo "2624"]
[BlackElo "2514"]
[TimeControl "180+1"]
[EndTime "9:18:14 PDT"]
[Termination "balack95 won by resignation"]

1. d4 Nf6 2. c4 c6 3. Nc3 d5 4. Nf3 g6 5. Bf4 a6 6. e3 Bg7 7. c5 O-O 8. Bd3 Bf5 9. h3 Bxd3 10. Qxd3 Nbd7 11. O-O b5 12. cxb6 Nxb6 13. Rfc1 Nfd7 14. Ne2 Rc8 15. Qxa6 Nc4 16. b3 e5 17. bxc4 exf4 18. Nxf4 Nb6 19. cxd5 cxd5 20. Rxc8 Nxc8 21. Rc1 Bh6 22. Nxd5 Nd6 23. Ne5 Ne4 24. Qc6 Qh4 25. Ne7+ Kg7 26. Rf1 Nxf2 27. Qf3 Nxh3+ 28. Qxh3 Qxe7 29.
Ng4 Bg5 30. Qf3 h5 31. Ne5 f6 32. Nc4 Rc8 33. Rc1 Rd8 34. Kf2 Rxd4 35. exd4 Bxc1 36. Ne3 Bb2 37. d5 Bd4 38. Ke2 Qc5 39. Kd3 Be5 40. Nc4 Qd4+ 41. Ke2 Qxc4+ 0-1

[Event "Early-Titled-Tuesday-Blitz-May-28-2024"]
[Site "Chess.com"]
[Date "2024.05.28"]
[Round "7"]
[White "Grischuk"]
[Black "GOGIEFF"]
[Result "1-0"]
[WhiteElo "3124"]
[BlackElo "3013"]
[TimeControl "180+1"]
[EndTime "9:18:15 PDT"]
[Termination "Grischuk won on time"]

1. d4 Nf6 2. c4 e6 3. Bg5 h6 4. Bh4 c5 5. d5 exd5 6. cxd5 Qb6 7. Nc3 Qxb2 8. Bxf6 gxf6 9. Rc1 c4 10. Rc2 Qa3 11.
e3 b5 12. Qd4 Na6 13. Nxb5 Qa5+ 14. Nc3 Nb4 15. Rd2 Bg7 16. Bxc4 O-O 17. Nge2 f5 18.
Qf4 d6 19. O-O Bd7 20. Nd4 Rac8 21. Bb5 Rxc3 22. Bxd7 Nxd5 23. Qxf5 Rxe3 24. Nb3 Rxb3 25. Rxd5 Qxa2 26. Rxd6 Rfb8 27. Bc6 Rb1 28. Rdd1 Rxd1 29. Rxd1 Qb3 30. Bf3 Qe6 31. Qa5 1-0

[Event "Early-Titled-Tuesday-Blitz-May-28-2024"]
[Site "Chess.com"]
[Date "2024.05.28"]
[Round "7"]
[White "Pertinhez76"]
[Black "jraosam"]
[Result "1-0"]
[WhiteElo "2268"]
[BlackElo "2101"]
[TimeControl "180+1"]
[EndTime "9:18:15 PDT"]
[Termination "Pertinhez76 won by resignation"]

1. d4 d5 2. Bf4 Nf6 3. e3 e6 4. Nf3 Bd6 5. Ne5 O-O 6. Bg3 c5 7. c3 Qc7 8. Nd2 Nbd7 9. f4 Ne4 10. Bd3 f5 11. O-O Nxe5 12. dxe5 Be7 13. Bxe4 dxe4 14. Qe1 b6 15. Bh4 Ba6 16. Bxe7 Qxe7 17. c4 Rfd8 18. b3 Rd3 19. Rf2 Rad8 20. Nf1 Qd7 21. h3 Rd1 22. Rxd1 Qxd1 23. Qxd1 Rxd1 24. Rd2 Rxd2 25. Nxd2 Kf7 26. g4 g6 27. Kf2 Bb7 28. Kg3 h6 29. h4 Bc6 30. h5 Be8 31. Kh4 Kg7 32. hxg6 Kxg6 33. Nf1 b5 34. Ng3 bxc4 35. bxc4 Ba4 36. Nh5 Bc2 37.
gxf5+ exf5 38. Nf6 Bd3 39. Nd7 Bxc4 40. a3 Be2 41. Nxc5 Kf7 42. Nb3 Bc4 43. Nd4 Kg6 44.
Nc6 Kf7 45. Nxa7 Ke6 46. Nc6 Kd7 47. Nd4 Bf7 48. Nxf5 Kc6 49. Nxh6 Bg6 50. Kg5 Bh7 51. Kf6 Kd5 52. e6 1-0